 Dungeon Crawl Stone Soup version 0.25-a0-510-ge065f6de7d (webtiles) character file.

Game seed: 17622700606575758156, levelgen mode: deterministic

462 keitee the Skirmisher (level 7, -2/44 HPs)
             Began as a Gargoyle Fighter on Feb 15, 2020.
             Killed by divine providence
             ... invoked by an orc priest
              (14 damage)
             ... on level 4 of the Dungeon.
             The game lasted 00:19:41 (3669 turns).

keitee the Skirmisher (Gargoyle Fighter)            Turns: 3669, Time: 00:19:41

Health: -2/44      AC: 17    Str: 22    XL:     7   Next: 7%
Magic:  7/7        EV:  4    Int:  8    God:
Gold:   232        SH: 10    Dex:  9    Spells: 6/6 levels left

rFire    . . .     SeeInvis .   o - +1 whip (drain)
rCold    . . .     Gourm    .   c - +0 kite shield
rNeg     + . .     Faith    .   j - +0 plate armour
rPois    ∞         Spirit   .   (no helmet)
rElec    +         Reflect  .   (no cloak)
rCorr    .         Harm     .   (no gloves)
MR       .....                  (no boots)
Stlth    ..........             (no amulet)
HPRegen  0.14/turn              (no ring)
MPRegen  0.10/turn              (no ring)

@: no status effects
A: negative energy resistance 1, electricity resistance, unbreathing,
petrification resistance, rot immunity, AC +4
a: no special abilities


You were on level 4 of the Dungeon.
You were not hungry.

You visited 1 branch of the dungeon, and saw 5 of its levels.

You collected 232 gold pieces.

Inventory:

Hand Weapons
 a - a +0 flail
 i - a +0 hunting sling
 o - a +1 whip of draining (weapon)
 y - a +0 flail
Missiles
 h - 90 stones
 k - 42 sling bullets (quivered)
Armour
 b - a +0 scale mail
 c - a +0 kite shield (worn)
 j - a +0 plate armour (worn)
 u - a +0 plate armour
 x - a scarf of repulsion
Jewellery
 m - an uncursed ring of flight {unknown}
Wands
 n - a wand of flame (13)
Scrolls
 e - 3 scrolls of teleportation {unknown}
 p - a scroll of fear {unknown}
 q - 2 scrolls of identify
 r - 3 scrolls of remove curse {unknown}
 s - 2 scrolls of magic mapping {unknown}
 t - 3 scrolls of fog {unknown}
 w - a scroll of enchant weapon {unknown}
Potions
 d - a potion of might
 g - a potion of invisibility {unknown}
 l - 3 potions of curing {unknown}
 v - a potion of mutation {unknown}
 A - a potion of berserk rage {unknown}
Comestibles
 f - 9 rations
 z - 9 chunks of flesh


   Skills:
 + Level 5.1 Fighting
 + Level 4.0 Maces & Flails
 + Level 5.1 Armour
 + Level 5.0 Shields


You had 6 spell levels left.
You didn't know any spells.
Your spell library was empty.

Dungeon Overview and Level Annotations

Branches:
Dungeon (5/15)
 Temple: D:4-7

Altars:
Okawaru

Shops:
D:4 =


Innate Abilities, Weirdness & Mutations

You are resistant to torment.
Your stone body is resilient. (AC +4)
You are immune to poison.
You resist negative energy. (rN+)
You are resistant to electric shocks. (rElec)
You can survive without breathing.
You are immune to petrification.
You are immune to rotting.


Message History

You hit the orc priest but do no damage.
The orc priest is moderately wounded.
The orc priest hits you but does no damage.
You block the orc priest's attack.
You hit the orc priest.
The orc priest is heavily wounded.
The orc priest hits you but does no damage.
You closely miss the orc priest.
The orc priest is heavily wounded.
Your shield and plate armour prevent you from hitting the orc priest.
The orc priest is heavily wounded.
The orc priest mumbles some strange prayers to Beogh against you.
Beogh smites you!
* * * LOW HITPOINT WARNING * * *
You hit the orc priest but do no damage.
You drain the orc priest.
The orc priest is almost dead.
The orc priest invokes the aid of Beogh against you.
Beogh smites you!
You die...

# ##.###.## ######..##.####
# ##.#..# #.......#.....# #
##.#.# #.####.##.###.# #
###.# #.# #....# #.# # #.#
#.# ####.###.# # ### #.# #.#
#.....# # ###.###.# #.#
##..### # #.......# #.# #..#
####.....#.#####@########..#
.......<...#.....o.........#
(.(...........##.###########
###..............# #
##.....######### ##...##
##.## ###


You could see an orc priest.

Vanquished Creatures
  Sigmund (D:3)
  2 hounds (D:4)
  An orc priest (D:3)
  A bullfrog skeleton (D:4)
  6 adders
  2 oozes (D:1)
  2 worms
  A dart slug (D:3)
  4 leopard geckos
  15 orcs
  4 giant cockroaches
  6 hobgoblins
  2 jackals (D:4)
  3 quokkas
  2 ball pythons
  11 bats
  7 frilled lizards
  10 goblins
  9 kobolds
  8 rats
97 creatures vanquished.

Notes
Turn   | Place    | Note
-------+----------+-------------------------------------------
     0 | D:1      | keitee the Gargoyle Fighter began the quest for the Orb.
     0 | D:1      | Reached XP level 1. HP: 14/14 MP: 1/1
   119 | D:1      | Reached XP level 2. HP: 14/19 MP: 2/2
   429 | D:1      | Reached XP level 3. HP: 21/23 MP: 3/3
  1266 | D:2      | Reached XP level 4. HP: 24/29 MP: 4/4
  1789 | D:3      | Found an iron altar of Okawaru.
  2213 | D:3      | Reached XP level 5. HP: 33/33 MP: 5/5
  2651 | D:3      | Noticed Sigmund
  2789 | D:3      | Killed Sigmund
  2789 | D:3      | Reached XP level 6. HP: 28/40 MP: 6/6
  3178 | D:4      | Reached skill level 5 in Fighting
  3178 | D:4      | Reached skill level 5 in Armour
  3298 | D:4      | Reached skill level 5 in Shields
  3315 | D:4      | Reached XP level 7. HP: 39/44 MP: 7/7
  3527 | D:4      | Found Buchuj's Jewellery Boutique.
  3646 | D:5      | Entered Level 5 of the Dungeon
  3669 | D:4      | Killed from afar by an orc priest

Levels and vault maps discovered:
D:1:      dpeg_chamrin_arrival_tetris, layout_basic,
          chequers_hall_statues_wall_a, nrook_loot_triangle
D:2:      layout_basic, grunt_ministairs_7
D:3:      layout_basic, first_ration, okawaru_metal_pillars_1_2, uniq_sigmund
D:4:      layout_loops_ring, serial_shops, shop_statue
D:5:      layout_basic, lemuel_round_altar

Skill      XL: |  1  2  3  4  5  6  7 |
---------------+----------------------+-----
Fighting       | 4 5 |  5.1
Armour         | 4 5 |  5.1
Shields        | 4 5 |  5.0
Maces & Flails | 3 4 |  4.0

Action                   |  1- 3 |  4- 6 |  7- 9 || total
-------------------------+-------+-------+-------++-------
Melee: Flail             |   158 |    45 |       ||   203
       Whip              |       |   187 |    26 ||   213
  Use: Scroll            |       |     1 |       ||     1
  Eat: Chunk             |     1 |     7 |     2 ||    10
Armor: Scale mail        |    13 |       |       ||    13
       Plate armour      |   118 |   132 |    11 ||   261
Dodge: Dodged            |    34 |    28 |     1 ||    63
Block: Kite shield       |   103 |    93 |     6 ||   202

Table legend:
 A = Non-vault XP
 B = Vault XP
 C = Vault XP percentage of total XP
 D = Non-vault monster count
 E = Vault monster count
 F = Vault count percentage of total count
                 A         B        C        D         E       F
            +---------+---------+-------+---------+---------+-------
      Total |     415 |     246 |  37.2 |      94 |       3 |   3.1
            +---------+---------+-------+---------+---------+-------
        D:1 |      49 |       0 |   0.0 |      23 |       0 |   0.0
        D:2 |      49 |       4 |   7.5 |      17 |       2 |  10.5
        D:3 |     137 |     242 |  63.9 |      37 |       1 |   2.6
        D:4 |     177 |       0 |   0.0 |      16 |       0 |   0.0
        D:5 |       3 |       0 |   0.0 |       1 |       0 |   0.0
            +---------+---------+-------+---------+---------+-------
